Map: Oxide LE

Players

Massa - Winner!

  • Race: Terran Terran
  • League: Platinum
  • Spawn Location: 7:00

NOOBER

  • Race: Protoss Protoss
  • League: Diamond
  • Spawn Location: 1:00

VOD

Have the link to the VOD?

Description

Time

  • Played on: Jan. 16, 2021, 4:44 p.m.
  • Length: 9:06
Show
View Real Time Build Order
Export as new Build Order

Massa Terran - Winner!

Build Orders:  

Get SALT Encoding   

  12  0:00  SCV  
  13  0:12  SCV  
  14  0:19  Supply Depot  
  14  0:24  SCV  
  15  0:41  SCV  
  16  0:43  Barracks  
  16  0:49  Refinery  
  16  0:53  SCV  
  17  1:05  SCV  
  18  1:17  SCV  
  19  1:30  Orbital Command  
  19  1:43  Barracks Reactor  
  19  1:45  Command Center  
  19  1:55  SCV  
  20  2:03  Supply Depot  
  20  2:10  SCV  
  20  2:13  Factory  
  21  2:30  Marine  
  21  2:31  Marine  
  23  2:48  SCV, Marine x2  
  26  2:52  Engineering Bay  
  26  3:00  Orbital Command  
  26  3:02  Starport  
  26  3:06  Marine x2  
  26  3:10  SCV  
  29  3:32  Hellion x2  
  33  3:35  Barracks Tech Lab  
  33  3:38  SCV x2  
  35  3:42  Missile Turret  
  35  3:48  Refinery  
  35  3:50  SCV, Missile Turret  
  35  3:53  Hellion  
  35  3:54  Hellion  
  40  4:02  SCV x2  
  42  4:03  Barracks Tech Lab  
  42  4:04  Banshee  
  45  4:14  SCV  
  46  4:26  Supply Depot  
  46  4:27  Supply Depot  
  46  4:42  SCV  
  46  4:43  SCV  
  46  4:52  Supply Depot x2  
  38  5:13  Raven  
  36  5:16  Cyclone  
  36  5:18  SCV  
  36  5:19  SCV  
  36  5:20  Refinery  
  41  5:26  Barracks  
  41  5:27  Barracks  
  41  5:30  SCV, Barracks  
  41  5:31  Command Center  
  42  5:40  Marine  
  42  5:41  Marine  
  44  5:44  Terran Infantry Weapons Level 1  
  44  5:54  Cyclone  
  44  5:56  Medivac  
  49  5:58  Marine x2  
  50  6:15  Barracks Tech Lab x2  
  50  6:16  Marine x2  
  50  6:17  Barracks Reactor  
  52  6:30  Refinery  
  52  6:33  Viking  
  52  6:34  Marine x4  
  52  6:37  Stimpack  
  58  6:52  Marine x4  
  62  6:58  Marine x2  
  61  7:04  Supply Depot  
  61  7:05  Supply Depot x2  
  61  7:08  Armory  
  61  7:09  Marine  
  61  7:10  Marine x3  
  61  7:11  Mag-Field Accelerator  
  61  7:13  SCV  
  66  7:16  Marine x2  
  66  7:17  SCV  
  66  7:22  SCV  
  70  7:26  SCV  
  70  7:29  SCV, Supply Depot  
  72  7:30  Medivac  
  72  7:32  Marine x2  
  72  7:33  Marine  
  72  7:34  SCV, Marine  
  72  7:35  Marine  
  72  7:36  Marine  
  81  7:38  SCV  
  82  7:49  Marine  
  82  7:50  Marine  
  82  7:51  Marine  
  84  7:52  Marine  
  84  7:55  Marauder  
  88  7:59  Missile Turret  
  88  8:09  Marauder, Thor  
  96  8:13  Marine x2  
  96  8:14  Marine x2  
  96  8:16  Marauder  
  96  8:18  Concussive Shells  
  102  8:23  SCV  
  102  8:24  SCV  
  104  8:31  Marauder  
  106  8:35  SCV  
  106  8:36  SCV  
  108  8:48  SCV  
Show
View Real Time Build Order
Export as new Build Order

NOOBER Protoss 

Build Orders: Nexus First 

Get SALT Encoding   

  12  0:00  Probe  
  13  0:12  Probe  
  14  0:19  Pylon  
  14  0:24  Probe  
  15  0:37  Probe (Chrono Boost)  
  16  0:47  Probe (Chrono Boost)  
  17  0:58  Nexus  
  17  1:03  Probe (Chrono Boost)  
  18  1:11  Pylon  
  18  1:15  Probe (Chrono Boost)  
  19  1:27  Gateway  
  19  1:30  Assimilator  
  19  1:31  Assimilator  
  19  1:32  Probe  
  20  1:45  Probe, Pylon  
  21  1:57  Probe  
  22  2:09  Probe (Chrono Boost)  
  22  2:13  Probe (Chrono Boost)  
  24  2:20  Cybernetics Core  
  24  2:21  Probe (Chrono Boost)  
  26  2:23  Probe (Chrono Boost)  
  26  2:26  Probe (Chrono Boost)  
  26  2:28  Probe (Chrono Boost)  
  27  2:35  Probe  
  29  2:39  Probe  
  30  2:44  Forge  
  30  2:47  Probe  
  31  2:52  Probe  
  32  2:59  Probe, Stargate, Adept  
  32  3:04  Probe  
  36  3:06  Assimilator  
  36  3:09  Assimilator  
  36  3:11  Probe  
  37  3:13  Protoss Shields Level 1 (Chrono Boost)  
  37  3:16  Probe  
  38  3:23  Protoss Air Weapons Level 1 (Chrono Boost)  
  38  3:24  Probe  
  39  3:28  Probe, Pylon  
  40  3:36  Probe  
  40  3:40  Probe  
  42  3:43  Stargate  
  42  3:48  Probe  
  43  3:50  Zealot  
  43  3:55  Probe  
  46  4:00  Probe  
  47  4:05  Pylon  
  47  4:07  Probe  
  47  4:08  Pylon  
  47  4:09  Pylon  
  48  4:10  Void Ray (Chrono Boost)  
  48  4:12  Probe, Pylon  
  53  4:30  Void Ray (Chrono Boost)  
  57  4:38  Sentry (Chrono Boost)  
  29  5:01  Probe  
  29  5:02  Probe  
  29  5:13  Probe  
  29  5:14  Probe  
  29  5:17  Nexus  
  29  5:24  Void Ray (Chrono Boost)  
  29  5:25  Probe (Chrono Boost)  
  29  5:27  Probe (Chrono Boost)  
  35  5:37  Probe (Chrono Boost)  
  37  5:44  Probe (Chrono Boost)  
  37  5:45  Probe (Chrono Boost)  
  37  5:48  Photon Cannon  
  35  6:11  Probe x2, Photon Cannon  
  33  6:23  Probe x2 (Chrono Boost)  
  35  6:34  Probe (Chrono Boost)  
  35  6:35  Probe (Chrono Boost)  
  35  6:36  Probe (Chrono Boost)  
  38  6:43  Probe (Chrono Boost)  
  38  6:44  Probe (Chrono Boost)  
  40  6:59  Probe x3  
  43  7:01  Void Ray  
  43  7:02  Void Ray  
  51  7:11  Probe x3  
  51  7:14  Fleet Beacon  
  54  7:18  Pylon  
  54  7:26  Probe (Chrono Boost)  
  54  7:27  Probe x2 (Chrono Boost)  
  59  7:37  Probe (Chrono Boost)  
  59  7:39  Probe (Chrono Boost)  
  59  7:42  Void Ray (Chrono Boost)  
  59  7:43  Probe (Chrono Boost)  
  59  7:44  Probe  
  59  7:47  Probe  
  66  7:53  Void Ray (Chrono Boost)  
  66  7:55  Probe  
  66  7:56  Probe  
  72  7:59  Probe  
  72  8:00  Pylon  
  72  8:03  Pylon  
  73  8:07  Probe  
  73  8:08  Probe, Assimilator  
  73  8:10  Assimilator  
  73  8:11  Probe  
  76  8:19  Probe  
  77  8:25  Probe  
  77  8:26  Probe, Twilight Council  
  79  8:28  Pylon  
  79  8:32  Probe  
  80  8:38  Probe x2, Photon Cannon  
  80  8:41  Photon Cannon  
  82  8:45  Probe  
  83  8:50  Probe x2  
Tags
 
Matchup
PvT
Replay Pack
Multiplayer
Spawn Locations
Cross Positions
Add a new tag
Caveats
  • Supply blocks, unpowered buildings, or Contaminate may cause inaccurate times.
  • Supply counts are checked every 10 seconds.